 Dungeon Crawl Stone Soup version 0.25-a0-185-g6cfeca75b2 (webtiles) character file.

Game seed: 11761010719533706440, levelgen mode: deterministic

205 Leeroy the Conjurer (level 5, -4/38 HPs)
             Began as a Draconian Conjurer on Nov 28, 2019.
             Slain by an iguana (11 damage)
             ... on level 4 of the Dungeon.
             The game lasted 00:08:00 (4110 turns).

Leeroy the Conjurer (Draconian Conjurer)            Turns: 4110, Time: 00:08:00

Health: -4/38      AC:  5    Str: 10    XL:     5   Next: 53%
Magic:  8/8        EV: 12    Int: 17    God:
Gold:   99         SH:  0    Dex: 11    Spells: 5/8 levels left

rFire    . . .     SeeInvis .   o - +4 short sword
rCold    . . .     Gourm    .   (no shield)
rNeg     . . .     Faith    .   (armour unavailable)
rPois    .         Spirit   .   (helmet restricted)
rElec    .         Reflect  .   (no cloak)
rCorr    .         Harm     .   (no gloves)
MR       .....                  (no boots)
Stlth    ++........             (no amulet)
HPRegen  0.12/turn              (no ring)
MPRegen  0.11/turn              (no ring)

@: no status effects
A: unfitting armour, cold-blooded, AC +5
a: no special abilities


You were on level 4 of the Dungeon.
You were near starving.

You visited 1 branch of the dungeon, and saw 4 of its levels.

You collected 99 gold pieces.

Inventory:

Hand Weapons
 c - a +0 short sword
 e - a +0 dagger
 k - a +0 quarterstaff
 o - a +4 short sword (weapon)
Missiles
 f - 33 poisoned darts (quivered)
 q - 8 silver javelins
 u - 11 datura-tipped darts
Jewellery
 d - an uncursed amulet of guardian spirit {unknown}
Scrolls
 a - 5 scrolls of remove curse {unknown}
 g - 7 scrolls of identify {unknown}
 h - 3 scrolls of teleportation {unknown}
 i - a scroll of blinking {unknown}
 j - 3 scrolls of fear {unknown}
 l - 2 scrolls of amnesia {unknown}
 p - a scroll of fog {unknown}
Potions
 m - a potion of magic {unknown}
 n - a potion of curing {unknown}
 r - a potion of agility {unknown}
 t - a potion of mutation {unknown}
Comestibles
 b - 9 rations


   Skills:
 - Level 1.7 Dodging
 - Level 1.7 Stealth
 - Level 2.0 Spellcasting
 + Level 6.9 Conjurations


You had 5 spell levels left.
You knew the following spells:

 Your Spells              Type           Power        Failure   Level  Hunger
a - Magic Dart            Conj           ####         1%          1    #......
b - Searing Ray           Conj           ####..       1%          2    ###....

Your spell library contained the following spells:

 Spells                   Type           Power        Failure   Level  Hunger
 Iskenderun's Mystic Bla  Conj           ####....     11%         4    #####..
 Dazzling Spray           Conj/Hex       ##....       14%         3    ###....
 Force Lance              Conj/Tloc      ##......     43%         4    #####..
 Fulminant Prism          Conj/Hex       ##........   43%         4    #####..


Dungeon Overview and Level Annotations

Branches:
Dungeon (4/15)
 Temple: D:4-7

Altars:
Ashenzari


Innate Abilities, Weirdness & Mutations

Your plain brown scales are hard. (AC +5)
You cannot fit into any form of body armour.
You are cold-blooded and may be slowed by cold attacks.


Message History

The orc is severely wounded.
The iguana misses you. The orc misses you.
You closely miss the orc.
The orc is severely wounded.
The iguana barely misses you. The orc hits you with a +0 dagger.
You hit the orc.
You kill the orc!
The iguana bites you!
* * * LOW HITPOINT WARNING * * *
Found an escape hatch in the ceiling.
There are monsters nearby!
The iguana bites you.
* * * LOW HITPOINT WARNING * * *
There is a shattered altar of Ashenzari here.
Found a stone staircase leading up.
Found a scroll labeled FESANISKIS.
Found a scroll labeled EGIRGH MIOCUFAE.
There is a stone staircase leading up here.
The iguana bites you!
You die...

#.....## #......###
..###........#
.....#......?.
..........?..
..#..............#
................#
#...............@.#
..............Zl.##
$)##..##.......###
..........##..##
......)...###.##
........#..#...#
#.......#......#
#..............#
................#


You could see an iguana and an adder skeleton.

Vanquished Creatures
  A bullfrog (D:3)
  An orc wizard (D:3)
  3 adders
  2 worms (D:2)
  A dart slug (D:1)
  A leopard gecko (D:2)
  5 orcs
  A ball python (D:1)
  8 bats
  5 giant cockroaches
  11 goblins
  9 hobgoblins
  3 jackals (D:3)
  3 quokkas
  13 kobolds
  5 rats
72 creatures vanquished.

Notes
Turn   | Place    | Note
-------+----------+-------------------------------------------
     0 | D:1      | Leeroy the Draconian Conjurer began the quest for the Orb.
     0 | D:1      | Reached XP level 1. HP: 14/14 MP: 3/3
   467 | D:1      | Reached XP level 2. HP: 11/20 MP: 1/5
  1119 | D:1      | Reached skill level 5 in Conjurations
  1294 | D:1      | Learned a level 2 spell: Searing Ray
  1322 | D:2      | Reached XP level 3. HP: 26/26 MP: 3/6
  1919 | D:2      | Reached XP level 4. HP: 25/33 MP: 5/7
  2364 | D:3      | Found a faded altar of an unknown god.
  2919 | D:3      | Reached skill level 6 in Conjurations
  3025 | D:3      | Noticed a bullfrog
  3040 | D:3      | Killed a bullfrog
  3040 | D:3      | Reached XP level 5. HP: 21/38 MP: 3/8
  4043 | D:4      | Found a shattered altar of Ashenzari.
  4110 | D:4      | Slain by an iguana

Levels and vault maps discovered:
D:1:      lightli_arrival_statuegarden, layout_basic, minmay_misc_feat_chi,
          minmay_tripent
D:2:      layout_loops_cross, minmay_pentomino_r4
D:3:      layout_basic, chequers_ecumenical_altar_simple_redux, first_ration
D:4:      layout_cave_pools, chequers_temple_overflow_minitemple, serial_bayou,
          serial_bayou_lagoon_a, serial_bayou_pond_c, serial_bayou_shore_a,
          serial_bayou_pond_a, ashenzari_altar_1

Skill      XL: |  1  2  3  4 |
---------------+-------------+-----
Conjurations   | 5 6 |  6.9
Dodging        | |  1.7
Stealth        | |  1.7
Spellcasting   | |  2.0

Action                   |  1- 3 |  4- 6 || total
-------------------------+-------+-------++-------
Melee: Short sword       |    83 |    75 ||   158
       Unarmed           |     7 |       ||     7
       Tailslap          |    11 |     7 ||    18
       Quarterstaff      |    21 |    13 ||    34
 Cast: Magic Dart        |     9 |       ||     9
       Searing Ray       |     5 |     4 ||     9
 Stab: Sleeping          |     1 |     2 ||     3
  Eat: Chunk             |     4 |     5 ||     9
Armor: Skin              |    42 |    25 ||    67
Dodge: Dodged            |    89 |    76 ||   165

Table legend:
 A = Non-vault XP
 B = Vault XP
 C = Vault XP percentage of total XP
 D = Non-vault monster count
 E = Vault monster count
 F = Vault count percentage of total count
                 A         B        C        D         E       F
            +---------+---------+-------+---------+---------+-------
      Total |     283 |      11 |   3.7 |      67 |       5 |   6.9
            +---------+---------+-------+---------+---------+-------
        D:1 |      54 |       2 |   3.6 |      21 |       2 |   8.7
        D:2 |      47 |       9 |  16.1 |      20 |       3 |  13.0
        D:3 |     179 |       0 |   0.0 |      25 |       0 |   0.0
        D:4 |       3 |       0 |   0.0 |       1 |       0 |   0.0
            +---------+---------+-------+---------+---------+-------
